 Dungeon Crawl Stone Soup version 0.28-a0-1387-g3a22ab9bdc (webtiles) character file.

Game seed: 12490394806283178187

39 Gargoyl the Skirmisher (level 3, -1/35 HPs)
             Began as a Gnoll Abyssal Knight on Jan 2, 2022.
             Was a Follower of Lugonu.
             Killed by divine providence
             ... invoked by an orc priest
              (9 damage)
             ... on level 3 of the Dungeon.
             The game lasted 00:01:51 (1472 turns).

Gargoyl the Skirmisher (Gnoll Abyssal Knight)       Turns: 1472, Time: 00:01:51

Health: -1/35      AC:  8    Str: 20    XL:     3   Next: 47%
Magic:  6/6        EV: 10    Int:  9    God:    Lugonu [*.....]
Gold:   102        SH:  0    Dex: 12    Spells: 3/3 levels left

rFire   . . .      SeeInvis +   d - +11 glaive "Zexidiat" {vorpal, Contam rPois SInv}
rCold   . . .      Faith    .   (shield currently unavailable)
rNeg    . . .      Spirit   .   g - +1 scale mail
rPois   +          Reflect  .   (no helmet)
rElec   .          Harm     .   (no cloak)
rCorr   .          Rampage  .   (no gloves)
Will    .....                   (no boots)
Stlth   ..........              (no amulet)
HPRegen 0.11/turn               c - +6 ring of strength
MPRegen 0.10/turn               f - +4 ring of slaying

@: no status effects
A: fangs 1, strong nose, distributed training
a: Renounce Religion, Depart the Abyss


You were on level 3 of the Dungeon.
You worshipped Lugonu.
Lugonu was aware of your devotion.
You visited 1 branch of the dungeon, and saw 3 of its levels.
You visited the Abyss 1 time.

You collected 102 gold pieces.

Inventory:

Hand Weapons
 a - a +3 hand axe
 d - the +11 glaive "Zexidiat" (weapon) {vorpal, Contam rPois SInv}
   (You found it on level 2 of the Abyss)

   It inflicts extra damage upon your enemies.
   rPois:     It protects you from poison.
   SInv:      It lets you see invisible.
   Contam:    It causes magical contamination when unequipped.
Missiles
 i - 11 poisoned darts (quivered)
Armour
 g - a +1 scale mail (worn)
Jewellery
 c - a +6 ring of strength (left hand)
 f - a +4 ring of slaying (right hand)
Potions
 b - a potion of attraction {unknown}
 e - 3 potions of heal wounds {unknown}
 h - a potion of haste {unknown}
 k - a potion of cancellation {unknown}


   Skills:
 + Level 6.5 Fighting
 + Level 0.8 Short Blades
 + Level 0.8 Long Blades
 + Level 4.5 Axes
 + Level 0.8 Maces & Flails
 + Level 0.8 Polearms
 + Level 0.8 Staves
 + Level 0.8 Slings
 + Level 0.8 Bows
 + Level 0.8 Crossbows
 + Level 0.8 Throwing
 + Level 4.5 Armour
 + Level 2.6 Dodging
 + Level 0.8 Stealth
 + Level 0.8 Shields
 + Level 0.8 Unarmed Combat
 + Level 0.8 Spellcasting
 + Level 0.5 Conjurations
 + Level 0.5 Hexes
 + Level 0.5 Summonings
 + Level 0.5 Necromancy
 + Level 0.5 Translocations
 + Level 0.5 Transmutations
 + Level 0.5 Fire Magic
 + Level 0.5 Ice Magic
 + Level 0.5 Air Magic
 + Level 0.5 Earth Magic
 + Level 0.5 Poison Magic
 + Level 4.6 Invocations
 + Level 0.8 Evocations


You had 3 spell levels left.
You didn't know any spells.
Your spell library contained the following spells:

 Spells                   Type           Power      Damage    Failure   Level
 Ozocubu's Armour         Ice            1%         N/A       94%         3
 Ozocubu's Refrigeration  Ice            0%         4d5       100%        7


Dungeon Overview and Level Annotations

Branches:
Dungeon (3/15)

Altars:


Innate Abilities, Weirdness & Mutations

You have very sharp teeth.
Your uncanny sense of smell can sniff out nearby items.
Your experience applies equally to all skills.


Message History

You see here a +0 scale mail.
e - 3 red potions (gained 1)
An orc comes into view. It is wielding a +0 dagger.
An orc is nearby!
An orc is nearby!
The orc shouts!
You hear a shout!
You slice the orc!!
You kill the orc!
Lugonu accepts your kill.
An orc comes into view.
It is wielding a +0 hand axe of electrocution.
An orc priest comes into view. It is wielding a +0 whip.
Things that are here:
a +0 dagger; a +0 leather armour; an orc corpse The orc priest shouts!
The orc priest calls down the wrath of Beogh upon you.
Beogh smites you!
An orc comes into view. It is wielding a +0 quarterstaff.
You hear a shout!
The orc shouts!
The orc priest calls down the wrath of Beogh upon you.
Beogh smites you!
Found 15 gold pieces.
The orc hits you with a +0 quarterstaff.
* * * LOW HITPOINT WARNING * * *
You slash the orc!
You kill the orc!
Lugonu accepts your kill.
The orc hits you with a +0 hand axe of electrocution.
* * * LOW HITPOINT WARNING * * *
You slice the orc!!
You kill the orc!
Lugonu accepts your kill.
The orc priest miscasts a cantrip.
An orc priest comes into view. It is wielding a +0 flail.
Unknown command.
You slash the orc priest!
The orc priest is heavily wounded.
The orc priest calls down the wrath of Beogh upon you.
Beogh smites you!
You die...

...♣♣♣♣ ....♣.# ♣≈♣♣
......♣♣♣≈≈♣
...<...♣♣≈≈♣ ##
.......♣≈.♣♣+ $.
............# .#
............### .#
..............###.#
####.........)..@o# #
#...........##.o.....
# #...........#
##..### #
#.............. ....
# #..........###.#
.#. # #..........# #
# # #..........# #
#........... #


You could see 2 orc priests.

Vanquished Creatures
  An adder (D:2)
  A dart slug (D:2)
  3 orcs (D:3)
  A bat (D:1)
  A giant cockroach (D:2)
  3 hobgoblins
  3 quokkas
  8 ball pythons
  2 frilled lizards (D:1)
  A goblin (D:1)
  A kobold (D:1)
  2 rats
27 creatures vanquished.

Notes
Turn   | Place    | Note
-------+----------+-------------------------------------------
     0 | Abyss:1  | Gargoyl the Gnoll Abyssal Knight began the quest for the
                  | Orb.
     0 | Abyss:1  | Reached XP level 1. HP: 23/23 MP: 3/3
     7 | Abyss:1  | Found a corrupted altar of Lugonu.
    91 | Abyss:2  | Identified the +11 glaive "Zexidiat" {vorpal, Contam rPois
                  | SInv}
   121 | Abyss:2  | Noticed a raiju
   121 | Abyss:2  | Noticed a raiju
   121 | Abyss:2  | Noticed a large abomination
   121 | Abyss:2  | Noticed a raiju
   122 | D:1      | Escaped the Abyss
   464 | D:1      | Reached XP level 2. HP: 26/29 MP: 5/5
   476 | D:1      | Reached * piety under Lugonu
   617 | D:1      | Found a faded altar of an unknown god.
  1142 | D:2      | Reached XP level 3. HP: 35/35 MP: 6/6
  1472 | D:3      | Killed from afar by an orc priest

Illustrated notes

Levels and vault maps discovered:
D:1:      lemuel_arrival_broad_hall, layout_basic, ebering_ecumenical_altar_box
D:2:      layout_loops_ring
D:3:      layout_basic, serial_bayou, serial_bayou_shore_b,
          serial_bayou_shore_b, serial_bayou_pond_e, serial_bayou_pond_d,
          serial_bayou_crossing, serial_bayou_shore_b, serial_shops,
          shop_fountains

Action                   || total
-------------------------++-------
Melee: Glaive            ||    46
       Bite              ||     3
Invok: Depart the Abyss  ||     1
  Use: Scroll            ||     5
Armor: Leather armour    ||     5
       Scale mail        ||     9
Dodge: Dodged            ||    46

Table legend: (Time is in decaauts)
 A = Elapsed time spent in this place.
 B = Non-inter-level travel time spent in this place.
 C = Inter-level travel time spent in this place.
 D = Time resting spent in this place.
 E = Time spent auto-exploring this place.
 F = Levels seen in this place.
 G = Mean time per level.
                   A        B        C        D        E       F      G
               +--------+--------+--------+--------+--------+-----+--------+
         Total |   1501 |   1486 |     15 |      0 |   1230 |   5 |  300.2 |
       Dungeon |   1379 |   1364 |     15 |      0 |   1134 |   3 |  459.7 |
         Abyss |    121 |    121 |      0 |      0 |     96 |   2 |   60.5 |
               +--------+--------+--------+--------+--------+-----+--------+

Top non-repeatable levels by time:
     D:2: 665 daAuts
     D:1: 637 daAuts
     D:3: 77 daAuts
 Abyss:1: 75 daAuts
 Abyss:2: 46 daAuts
